Map: Lerilak Crest

Players

Grumm

  • Race: Zerg Zerg
  • League: Gold

Dnickles - Winner!

  • Race: Terran Terran
  • League: Gold

VOD

Have the link to the VOD?

Description

Time

  • Played on: Feb. 5, 2016, 6:37 p.m.
  • Length: 14:32
Show
View Real Time Build Order
Export as new Build Order

Grumm Zerg 

Build Orders: Hatch First 

Get SALT Encoding   

  12  0:01  Drone  
  13  0:13  Overlord  
  13  0:18  Drone  
  14  0:37  Drone x3  
  17  0:54  Hatchery  
  16  0:57  Drone  
  16  1:04  Extractor  
  16  1:08  Drone  
  17  1:19  Spawning Pool  
  17  1:22  Drone x2  
  18  1:52  Hatchery  
  17  2:01  Extractor  
  17  2:07  Zergling x2  
  17  2:08  Zergling x6  
  20  2:13  Queen  
  22  2:24  Queen  
  24  2:43  Zergling x2  
  25  2:44  Drone x3  
  28  2:55  Spore Crawler  
  27  2:59  Drone  
  27  3:27  Drone x8  
  33  3:35  Overlord  
  33  3:45  Spore Crawler, Queen  
  33  3:58  Overlord x2  
  33  4:01  Drone  
  33  4:02  Drone x3  
  37  4:12  Drone  
  37  4:13  Drone x3  
  41  4:18  Roach Warren  
  40  4:37  Drone  
  40  4:38  Drone x7  
  48  4:49  Spine Crawler, Spore Crawler  
  46  5:00  Roach  
  46  5:01  Roach x4  
  46  5:02  Drone  
  46  5:06  Extractor  
  56  5:07  Extractor  
  55  5:20  Zergling x2  
  56  5:21  Overlord x2  
  56  5:22  Overlord  
  56  5:31  Drone  
  56  5:32  Overlord x2  
  57  5:41  Evolution Chamber  
  57  5:42  Lair, Evolution Chamber  
  55  5:46  Evolution Chamber  
  54  5:51  Drone  
  54  5:52  Drone x8  
  54  5:56  Extractor  
  62  6:00  Spine Crawler  
  62  6:01  Pneumatized Carapace  
  61  6:11  Zerg Missile Weapons Level 1  
  61  6:12  Zerg Melee Weapons Level 1  
  61  6:31  Burrow  
  61  6:36  Drone  
  61  6:37  Drone x12, Overlord  
  74  6:57  Extractor, Spire  
  74  6:59  Infestation Pit  
  71  7:11  Roach  
  71  7:12  Roach x11  
  71  7:14  Drone  
  96  7:16  Drone  
  96  8:01  Overlord x3  
  96  8:08  Drone  
  96  8:11  Mutalisk  
  96  8:12  Mutalisk x3  
  105  8:20  Hatchery  
  104  8:40  Overseer  
  104  8:42  Mutalisk  
  104  8:43  Mutalisk x11  
  128  8:52  Drone  
  129  9:05  Overlord x3  
  129  9:12  Extractor  
  129  9:15  Extractor  
  127  9:17  Zerg Melee Weapons Level 2, Zerg Missile Weapons Level 2  
  127  9:18  Zerg Ground Armor Level 1  
  127  9:21  Hive  
  127  9:29  Spine Crawler, Glial Reconstitution  
  126  9:32  Spine Crawler  
  125  9:38  Drone  
  126  9:54  Corruptor x2  
  126  9:56  Drone x6  
  126  9:57  Drone x3  
  139  10:05  Zerg Flyer Weapons Level 1  
  139  10:28  Swarm Host  
  148  10:44  Overlord x4  
  148  10:45  Overlord  
  148  10:52  Hatchery  
  147  10:59  Hatchery  
  116  11:50  Zerg Ground Armor Level 2, Zerg Missile Weapons Level 3, Zerg Melee Weapons Level 3  
  114  11:57  Ultralisk Cavern  
  114  12:01  Hydralisk Den  
  112  12:03  Zergling x22  
  112  12:04  Zergling x18  
  132  12:13  Roach x10  
  96  12:54  Ultralisk x10  
  147  13:09  Hydralisk x6  
  147  13:10  Hydralisk  
  151  13:23  Swarm Host  
  151  13:25  Roach x12  
  144  13:45  Roach x5  
  85  14:01  Roach x5  
Show
View Real Time Build Order
Export as new Build Order

Dnickles Terran - Winner!

Build Orders: Command Center First (CC), Mech 

Get SALT Encoding   

  12  0:02  SCV  
  13  0:14  SCV  
  13  0:19  Supply Depot  
  14  0:26  SCV  
  15  0:41  SCV  
  16  0:54  SCV  
  17  1:07  SCV  
  17  1:08  Command Center  
  18  1:20  Barracks  
  18  1:21  SCV  
  19  1:35  SCV  
  19  1:37  Supply Depot  
  20  1:47  SCV  
  21  1:59  SCV  
  22  2:09  Marine  
  24  2:16  Bunker  
  24  2:20  Orbital Command  
  23  2:24  Refinery  
  23  2:25  Orbital Command  
  23  2:28  Refinery  
  23  2:45  Engineering Bay  
  23  2:47  SCV  
  24  2:53  SCV  
  25  2:59  SCV  
  25  3:04  Marine  
  25  3:14  SCV  
  26  3:20  Factory  
  26  3:22  Marine  
  26  3:26  SCV  
  27  3:33  SCV  
  28  3:38  SCV  
  28  3:39  Marine  
  30  3:51  SCV  
  30  3:52  SCV  
  32  3:58  Refinery  
  32  4:00  Refinery, Marine  
  33  4:05  Widow Mine  
  33  4:08  Factory  
  33  4:09  SCV  
  36  4:10  SCV  
  36  4:16  Supply Depot  
  37  4:21  SCV  
  37  4:22  SCV  
  39  4:34  SCV x2  
  41  4:38  Factory Tech Lab  
  41  4:39  Armory  
  41  4:49  SCV x2  
  41  4:52  Widow Mine  
  45  4:57  Factory  
  45  4:58  Siege Tank  
  48  5:05  Marine  
  48  5:06  SCV  
  50  5:08  SCV  
  50  5:11  Supply Depot  
  51  5:20  Missile Turret  
  51  5:24  Missile Turret  
  51  5:26  Factory Tech Lab  
  51  5:30  Siege Tank  
  51  5:34  SCV x2  
  56  5:54  SCV  
  56  5:55  SCV  
  56  5:56  Terran Vehicle Weapons Level 1  
  58  5:58  Armory  
  58  6:03  Supply Depot, Siege Tank  
  61  6:06  Factory Reactor  
  61  6:11  Supply Depot  
  61  6:13  Hi-Sec Auto Tracking  
  61  6:18  Marine  
  62  6:25  SCV x2  
  64  6:28  Supply Depot  
  64  6:35  Thor  
  64  6:37  Supply Depot, Thor  
  76  6:41  Marine  
  77  6:54  SCV  
  77  6:55  SCV  
  77  6:56  Missile Turret  
  79  7:03  Terran Vehicle And Ship Armor Level 1  
  79  7:05  Missile Turret  
  79  7:06  SCV  
  79  7:07  SCV  
  81  7:08  Supply Depot  
  81  7:10  Supply Depot  
  81  7:13  Hellbat x2  
  81  7:14  Infernal Pre-Igniter  
  81  7:15  Command Center  
  85  7:17  Marine  
  86  7:26  Thor  
  91  7:31  Siege Tank  
  94  7:47  Marine  
  99  7:51  Hellbat x2  
  99  7:54  Terran Vehicle Weapons Level 2  
  99  7:57  Supply Depot  
  99  8:02  Supply Depot  
  99  8:06  SCV  
  99  8:07  SCV  
  99  8:08  Thor  
  107  8:28  Supply Depot  
  107  8:30  Supply Depot  
  107  8:33  Missile Turret  
  107  8:34  Supply Depot  
  107  8:36  Supply Depot  
  107  8:40  Thor  
  113  8:41  Hellbat  
  113  8:42  Hellbat  
  117  8:56  Orbital Command  
  117  8:57  Missile Turret  
  117  8:59  Missile Turret  
  117  9:04  SCV  
  117  9:05  SCV  
  119  9:20  Refinery  
  119  9:22  Refinery  
  119  9:25  SCV  
  119  9:26  Thor  
  119  9:27  Thor  
  119  9:28  Hellbat  
  136  9:31  Hellbat  
  136  9:34  Supply Depot  
  136  9:36  Terran Vehicle And Ship Armor Level 2  
  136  9:37  SCV  
  137  9:40  Supply Depot  
  137  9:42  Supply Depot  
  137  9:49  SCV  
  137  9:51  Factory  
  138  9:55  Hellbat x2  
  138  9:59  Supply Depot  
  142  10:01  SCV  
  142  10:05  Supply Depot, SCV x2  
  145  10:09  Supply Depot  
  145  10:11  Thor  
  145  10:12  Thor  
  145  10:13  SCV  
  158  10:20  Hellbat  
  158  10:21  Hellbat  
  162  10:26  SCV  
  163  10:34  SCV  
  163  10:35  SCV  
  165  10:38  SCV, Factory Tech Lab  
  165  10:42  Factory  
  166  10:45  Hellbat x2  
  170  10:50  Supply Depot  
  170  10:53  Terran Vehicle Weapons Level 3  
  170  10:57  Thor  
  170  10:58  Thor  
  174  11:47  SCV  
  174  11:51  Thor x3  
  193  11:54  Factory Reactor  
  193  11:57  Hellbat x2  
  193  11:59  SCV  
  198  12:11  SCV  
  199  12:22  Hellbat x2  
  195  12:23  SCV  
  188  12:35  SCV  
  185  12:57  Hellbat x2  
  185  13:12  Hellbat x2  
  189  13:14  Thor  
  195  13:32  Hellbat x2  
  195  13:48  Hellbat x2  
  178  13:49  Thor x2  
  184  14:08  Hellbat x2  
Tags
 
Add a new tag
Caveats
  • Supply blocks, unpowered buildings, or Contaminate may cause inaccurate times.
  • Supply counts are checked every 10 seconds.